 Dungeon Crawl Stone Soup version 0.28-a0-43-g560ac104fe (webtiles) character file.

Game seed: 19455463157490995

59 zero the Conjurer (level 4, -1/24 HPs)
             Began as a Gargoyle Conjurer on July 28, 2021.
             Slain by Robin (7 damage)
             ... on level 2 of the Dungeon.
             The game lasted 00:01:11 (2153 turns).

zero the Conjurer (Gargoyle Conjurer)               Turns: 2153, Time: 00:01:11

Health: -1/24      AC:  5    Str: 11    XL:     4   Next: 3%
Magic:  0/9        EV: 11    Int: 19    God:
Gold:   32         SH:  0    Dex:  8    Spells: 7/10 levels left

rFire   . . .      SeeInvis .   c - +0 dagger
rCold   . . .      Faith    .   (no shield)
rNeg    + . .      Spirit   .   a - +0 robe
rPois   ∞          Reflect  .   (no helmet)
rElec   +          Harm     .   (no cloak)
rCorr   .          Rampage  .   (no gloves)
Will    .....                   (no boots)
Stlth   ++........              (no amulet)
HPRegen 0.08/turn               (no ring)
MPRegen 0.11/turn               (no ring)

@: no status effects
A: sickness immunity, AC +3, negative energy resistance 1, electricity
resistance, torment resistance 1, petrification resistance
a: no special abilities


You were on level 2 of the Dungeon.
You visited 1 branch of the dungeon, and saw 2 of its levels.

You collected 32 gold pieces.

Inventory:

Hand Weapons
 c - a +0 dagger (weapon)
Armour
 a - a +0 robe (worn)
Scrolls
 b - a scroll of holy word {unknown}


   Skills:
 - Level 1.5 Dodging
 - Level 2.1 Stealth
 + Level 3.9 Spellcasting
 - Level 4.3 Conjurations


You had 7 spell levels left.
You knew the following spells:

 Your Spells              Type           Power      Damage    Failure   Level
a - Magic Dart            Conj           80%        1d7       2%          1
b - Searing Ray           Conj           40%        3d4       3%          2

Your spell library contained the following spells:

 Spells                   Type           Power      Damage    Failure   Level
 Animate Skeleton         Necr           6%         N/A       14%         1
 Pain                     Necr           12%        1d4       14%         1
 Summon Small Mammal      Summ           12%        N/A       14%         1
 Dazzling Flash           Conj/Hex       24%        N/A       17%         3
 Call Canine Familiar     Summ           3%         N/A       38%         3
 Summon Guardian Golem    Hex/Summ       3%         N/A       38%         3
 Vampiric Draining        Necr           1%         2d6       38%         3
 Fulminant Prism          Conj/Hex       6%         3d7       50%         4
 Iskenderun's Mystic Bla  Conj/Tloc      12%        2d5       50%         4


Dungeon Overview and Level Annotations

Branches:
Dungeon (2/15)

Altars:

Annotations:
D:2 Robin


Innate Abilities, Weirdness & Mutations

You are immune to sickness and miasma.
Your stone body is resilient. (AC +3)
You are immune to poison.
You resist negative energy. (rN+)
You are resistant to electric shocks. (rElec)
You are resistant to unholy torment.
You are immune to petrification.


Message History

Robin roars a battlecry!
The goblins go into a battle-frenzy!
You hit the goblin but do no damage. The goblin hits you but does no damage.
You barely miss the goblin. The goblin barely misses you. x2
You hit the goblin but do no damage. The goblin hits you but does no damage.
A goblin comes into view. It is wielding a +0 club.
The goblin barely misses you.
You barely miss the goblin. The goblin barely misses you.
The goblin hits you with a +0 dagger.
You hit the goblin.
You kill the goblin!
An adder comes into view.
Robin throws the goblin at you! The goblin hits you with a +0 club.
The goblin hits you with a +0 dagger.
Casting: Searing Ray (safe; 3% risk of failure)
Confirm with . or Enter, or press ? or * to list all spells.
Aiming: Searing Ray (safe; 3% risk of failure)
Press: ? - help, Shift-Dir - straight line, f - hobgoblin
Aim: a hobgoblin (strong, 78% to hit)
The searing ray misses the goblin.
The searing ray hits Robin.
Robin is moderately wounded.
The searing ray hits the hobgoblin.
You kill the hobgoblin! (Press . to maintain the ray.)
The goblin hits you with a +0 club.
* * * LOW HITPOINT WARNING * * *
The goblin hits you but does no damage.
You have reached level 4!
You feel stronger.
The searing ray hits the goblin!
You kill the goblin!
The searing ray misses Robin.
The searing ray hits the adder!
The adder is almost dead.
Robin closely misses you. The goblin hits you but does no damage.
The searing ray hits Robin.
Robin is heavily wounded.
The searing ray misses the adder.
The searing ray hits the goblin!
You kill the goblin!
Robin hits you from afar with a +0 spear!
You die...

#....#####.#
#....#.....#
#..........#
#..........##
#............
#..........#
#.....###...
#..>..#########.###
#......g@)gS).....#
#############......
...$. ...h ... g.


g You could see Robin, an adder and a goblin (strong).

Vanquished Creatures
  An adder (D:2)
  2 dart slugs
  3 giant cockroaches (D:1)
  8 goblins
  8 hobgoblins
  2 jackals (D:2)
  2 kobolds (D:1)
  2 ball pythons
  4 bats (D:1)
  6 frilled lizards (D:1)
  3 rats (D:1)
  A spectral hobgoblin (D:1)
42 creatures vanquished.

Notes
Turn   | Place    | Note
-------+----------+-------------------------------------------
     0 | D:1      | zero the Gargoyle Conjurer began the quest for the Orb.
     0 | D:1      | Reached XP level 1. HP: 10/10 MP: 3/3
   654 | D:1      | Reached XP level 2. HP: 14/15 MP: 1/5
   657 | D:1      | Learned a level 2 spell: Searing Ray
  1375 | D:1      | Reached XP level 3. HP: 19/19 MP: 0/7
  1537 | D:1      | Found a faded altar of an unknown god.
  2138 | D:2      | Noticed Robin
  2152 | D:2      | Reached XP level 4. HP: 6/24 MP: 2/9
  2153 | D:2      | Slain by Robin

Illustrated notes

Levels and vault maps discovered:
D:1:      sevenhm_arrival_forest_fort_large_4, layout_loops_corners,
          dreamdust_ecumenical_altar_drowned_temple, minmay_misc_feat_roman
D:2:      layout_basic, uniq_robin

Skill      XL: |  1  2 |
---------------+-------+-----
Spellcasting   | 3 |  3.9
Dodging        | |  1.5
Stealth        | |  2.1
Conjurations   | |  4.3

Action                   |  1- 3 |  4- 6 || total
-------------------------+-------+-------++-------
Melee: Unarmed           |    38 |       ||    38
       Dagger            |    16 |       ||    16
 Cast: Magic Dart        |    56 |       ||    56
       Searing Ray       |     5 |       ||     5
Armor: Robe              |    37 |     1 ||    38
Dodge: Dodged            |    47 |     1 ||    48

Table legend: (Time is in decaauts)
 A = Elapsed time spent in this place.
 B = Non-inter-level travel time spent in this place.
 C = Inter-level travel time spent in this place.
 D = Time resting spent in this place.
 E = Time spent auto-exploring this place.
 F = Levels seen in this place.
 G = Mean time per level.
                   A        B        C        D        E       F      G
               +--------+--------+--------+--------+--------+-----+--------+
         Total |   2154 |   2082 |     72 |    519 |   1337 |   2 | 1077.0 |
       Dungeon |   2154 |   2082 |     72 |    519 |   1337 |   2 | 1077.0 |
               +--------+--------+--------+--------+--------+-----+--------+

Top non-repeatable levels by time:
     D:1: 1874 daAuts
     D:2: 279 daAuts
